 Dungeon Crawl Stone Soup version 0.23.1-37-gaa34b87 (console) character file.

Game seed: 1201734822821844648

44942 fly the Carver (level 13, -4/139 HPs)
             Began as a Demonspawn Skald on Mar 24, 2019.
             Was a Follower of Uskayaw.
             Slain by a death yak (5 damage)
             ... while petrified by you
             ... on level 6 of the Lair of Beasts.
             The game lasted 01:01:50 (26670 turns).

fly the Carver (Demonspawn Skald)                  Turns: 26670, Time: 01:01:51

Health: -4/139     AC: 18    Str: 19    XL:     13   Next: 99%
Magic:  0/22       EV:  2    Int: 19    God:    Uskayaw [*.....]
Gold:   1099       SH:  0    Dex: 12    Spells: 21/24 levels left

rFire    x . .     SeeInvis .   a - +3 scimitar
rCold    + . .     Gourm    .   (no shield)
rNeg     + + +     Faith    .   y - +5 leather armour of the Sun {rN+ Int+4 Dex-3}
rPois    ∞         Spirit   +   (helmet restricted)
rElec    .         Reflect  .   q - +1 cloak
rCorr    .         Harm     .   r - +0 pair of gloves
MR       .....                  o - +0 pair of boots
Stlth    ..........             G - amulet of rage
HPRegen  0.33/turn              I - ring of poison resistance
MPRegen  0.36/turn              C - ring of ice

@: berserking (expiring), petrified, infused
A: antennae 1, slimy green scales 2, nightstalker 1, magic shield, magic
regeneration
a: Stomp, Renounce Religion, Evoke Berserk Rage


You were on level 6 of the Lair of Beasts.
You worshipped Uskayaw.
Uskayaw was noncommittal.
You were near starving.

You visited 3 branches of the dungeon, and saw 16 of its levels.
You also visited: Ossuary and Ice Cave.

You collected 1099 gold pieces.

Inventory:

Hand Weapons
 a - a +3 scimitar (weapon)
 b - a +0 scimitar of flaming
Armour
 o - a +0 pair of boots (worn)
 q - a +1 cloak (worn)
 r - a +0 pair of gloves (worn)
 y - the +5 leather armour of the Sun (worn) {rN+ Int+4 Dex-3}
   (You found it on level 3 of the Lair of Beasts)

   It affects your intelligence (+4).
   It affects your dexterity (-3).
   It protects you from negative energy.
Jewellery
 f - an uncursed amulet of faith
 n - an uncursed ring of flight
 C - a ring of ice (right hand)
 G - an amulet of rage (around neck)
 I - a ring of poison resistance (left hand)
 K - an uncursed ring of magical power
Wands
 c - a wand of flame (8)
 j - a wand of enslavement (7)
 v - a wand of digging (2)
 x - a wand of disintegration (4)
Scrolls
 e - 2 scrolls of vulnerability
 h - 2 scrolls of noise {unknown}
 i - 5 scrolls of enchant armour
 k - 4 scrolls of amnesia {unknown}
 l - 10 scrolls of teleportation
 t - a scroll of holy word
 u - 2 scrolls of blinking {unknown}
 w - 2 scrolls of magic mapping {unknown}
 D - 2 scrolls of remove curse
 E - 4 scrolls of enchant weapon {unknown}
 J - 2 scrolls of random uselessness {unknown}
 L - a scroll of fog {unknown}
 N - 7 scrolls of fear {unknown}
Potions
 g - 2 potions of lignification
 m - 3 potions of might
 p - 4 potions of heal wounds
 s - a potion of cancellation
 A - 10 potions of curing
 B - 3 potions of haste
 F - 2 potions of flight
 H - a potion of degeneration
 O - 3 potions of brilliance
Comestibles
 d - 30 rations
 z - 2 chunks of flesh


   Skills:
 - Level 6.0 Fighting
 - Level 12.0 Long Blades
 + Level 11.5 Armour
 + Level 10.7 Dodging
 - Level 6.0 Spellcasting
 - Level 3.0 Charms
 - Level 9.0 Evocations


You had 21 spell levels left.
You knew the following spells:

 Your Spells              Type           Power        Failure   Level  Hunger
s - Song of Slaying       Chrm           ###.....     5%          2    None
z - Infusion              Chrm           ###.         3%          1    None

Your spell library contained the following spells:

 Spells                   Type           Power        Failure   Level  Hunger
 Shroud of Golubria       Chrm/Tloc      ##........   10%         2    None
 Swiftness                Chrm/Air       ##......     10%         2    None
 Shock                    Conj/Air       #...         12%         1    None
 Sting                    Conj/Pois      #...         12%         1    None
 Poisonous Vapours        Pois/Air       #.....       19%         2    None
 Regeneration             Chrm/Necr      ##........   21%         3    ##.....
 Spectral Weapon          Hex/Chrm       ##......     21%         3    ##.....
 Mephitic Cloud           Conj/Pois/Air  #.......     36%         3    ##.....
 Static Discharge         Conj/Air       #.......     36%         3    ##.....
 Airstrike                Air            #.........   77%         4    ####...
 Olgreb's Toxic Radiance  Pois           #.......     77%         4    ####...
 Lightning Bolt           Conj/Air       #.........   98%         5    #####..
 Venom Bolt               Conj/Pois      #.........   98%         5    #####..
 Freezing Cloud           Conj/Ice/Air   #.........   100%        6    #######


Dungeon Overview and Level Annotations

Branches:
Dungeon (9/15)             Temple (1/1) D:7            Lair (6/6) D:8
 Shoals (0/4) Lair:4       Spider (0/4) Lair:4        Slime (0/5) Lair:6
    Orc (0/2) D:9

Altars:
Ashenzari
Cheibriados
Dithmenos
Elyvilon
Fedhas
Gozag
Hepliaklqana
Kikubaaqudgha
Makhleb
Nemelex Xobeh
Okawaru
Qazlal
Ru
Sif Muna
Trog
Uskayaw
Vehumet
Wu Jian
Xom
Yredelemnul
Zin
The Shining One
Lugonu

Shops:
D:5 [   D:7 [


Innate Abilities, Weirdness & Mutations

You have a pair of small antennae on your head.
You are mostly covered in slimy green scales. (AC +3)
You are slightly more attuned to the shadows.
When hurt, damage is shared between your health and your magic reserves.
You regenerate magic rapidly.


Message History

* * * LOW HITPOINT WARNING * * *
The death yak gores you but does no damage.
The catoblepas gores you!!
* * * LOW HITPOINT WARNING * * *
The death yak gores you!
* * * LOW HITPOINT WARNING * * *
The catoblepas gores you.
* * * LOW HITPOINT WARNING * * *
You can no longer pass through a line of other dancers.
The death yak gores you!
* * * LOW HITPOINT WARNING * * *
The catoblepas gores you but does no damage.
The death yak gores you!!
* * * LOW HITPOINT WARNING * * *
The death yak gores you.
* * * LOW HITPOINT WARNING * * *
The catoblepas breathes a plume of calcifying dust at you.
The blast of calcifying dust hits you but does no damage.
The death yak gores you!
You die...

................## #......## #
.P#.P..........## ##.....# #
###......#.....### #......# #
##....###.....#.## ##...### #
##....#.#.......#.####.....######
..........P.....P...#.#....#..##.
P...............§................
................§................
..........P....Y@..<.............
.....P.#.P.....YYP...............
##........#....#######.....##P#P#
#.....÷##......# #.....######
###.....##.....## #....## ##
#.............#.# #....# #P
##...P...........# ##....### #.
#...P.....§.....## ##.....#P#####
.P.............P####.....P....P..


You could see 2 death yaks and a catoblepas.

Vanquished Creatures
  The ghost of Aston the Fighter, a journeyman DrCj of Hepliaklqana (Lair:1)
  3 hydras
  Erica (D:9)
  9 death yaks
  2 two-headed ogres
  Nergalle (Lair:1)
  Pikel (D:4)
  3 ugly things
  5 oklob plants
  A wolf spider (Lair:4)
  14 elephants
  4 black mambas
  A torpor snail (Lair:6)
  9 spiny frogs
  2 ice statues (IceCv)
  3 rime drakes
  2 komodo dragons
  A troll (D:5)
  A polar bear (Lair:6)
  A jumping spider (Lair:4)
  A hornet (D:9)
  3 blink frogs
  5 hippogriffs
  Sigmund (D:4)
  2 redbacks (Lair:4)
  5 wyverns
  23 yaks
  3 basilisks
  Edmund (D:4)
  Menkaure (D:4)
  A soldier ant (D:9)
  10 water moccasins
  15 porcupines
  9 orc warriors
  6 black bears
  17 ice beasts
  A slave (D:4)
  4 sky beasts
  The ghost of pjoxt the Skirmisher, an amateur HOMo (D:3)
  3 phantoms
  7 ogres
  A necrophage (D:7)
  13 wolves
  4 centaurs
  14 crocodiles
  2 big kobolds
  11 bullfrogs
  A gnoll sergeant (D:9)
  A wyvern skeleton (D:9)
  2 scorpions
  5 wights (D:7)
  An electric eel (Lair:1)
  A howler monkey (D:8)
  2 crimson imps
  A quasit (D:6)
  A human zombie (Ossuary)
  13 jellies
  6 hounds
  7 orc priests
  2 centaur skeletons
  12 orc wizards
  Crazy Yiuf (D:4)
  2 bullfrog skeletons
  Ijyb (D:3)
  Terence (D:3)
  An iguana (D:4)
  8 worker ants
  A killer bee zombie (D:5)
  A statue (D:9)
  A big kobold zombie (Ossuary)
  A hound zombie (D:5)
  2 mummies (Ossuary)
  A worker ant zombie (D:6)
  A howler monkey skeleton (D:8)
  9 gnolls
  12 adders
  6 shadow imps
  2 oozes
  4 adder zombies (Ossuary)
  An adder skeleton (D:4)
  6 worms
  4 dart slugs
  5 leopard geckos
  35 orcs
  A ball python (D:3)
  6 bats
  9 giant cockroaches
  8 hobgoblins
  11 jackals
  25 kobolds
  4 quokkas
  3 frilled lizards
  4 goblins
  11 hobgoblin zombies (Ossuary)
  A jackal skeleton (D:7)
  A jackal zombie (Ossuary)
  11 kobold zombies (Ossuary)
  A leopard gecko skeleton (D:4)
  A leopard gecko zombie (D:7)
  7 orc zombies (Ossuary)
  A quokka zombie (D:5)
  8 rats
503 creatures vanquished.

Vanquished Creatures (collateral kills)
  A yak (D:9)
1 creature vanquished.

Vanquished Creatures (others)
  A slave (D:4)
  An orc (D:4)
  12 fungi
  8 plants
22 creatures vanquished.

Grand Total: 526 creatures vanquished

Notes
Turn   | Place    | Note
-------+----------+-------------------------------------------
     0 | D:1      | fly the Demonspawn Skald began the quest for the Orb.
     0 | D:1      | Reached XP level 1. HP: 16/16 MP: 3/3
    22 | D:1      | Reached skill level 2 in Long Blades
   316 | D:1      | Gained mutation: You are slightly more attuned to the
                  | shadows. [demonic ancestry]
   316 | D:1      | Reached XP level 2. HP: 22/22 MP: 1/5
   790 | D:1      | Reached skill level 3 in Long Blades
  1174 | D:2      | Reached XP level 3. HP: 8/27 MP: 2/6
  1727 | D:2      | Found a sacrificial altar of Ru.
  1823 | D:2      | Gained mutation: You are partially covered in slimy green
                  | scales. (AC +2) [demonic ancestry]
  1823 | D:2      | Reached XP level 4. HP: 14/33 MP: 0/7
  2014 | D:2      | Reached skill level 4 in Long Blades
  2485 | D:2      | Found a hide-covered altar of Uskayaw.
  2486 | D:2      | Found a shadowy altar of Dithmenos.
  2826 | D:2      | Became a worshipper of Uskayaw the Reveler
  2845 | D:3      | Reached * piety under Uskayaw
  3059 | D:3      | Gained mutation: You have a pair of small antennae on your
                  | head. [demonic ancestry]
  3059 | D:3      | Reached XP level 5. HP: 38/38 MP: 8/8
  3081 | D:3      | Noticed a phantom
  3173 | D:3      | Reached ** piety under Uskayaw
  3198 | D:3      | Noticed pjoxt's ghost (amateur HOMo)
  3213 | D:3      | Reached skill level 5 in Long Blades
  3409 | D:3      | Found a blossoming altar of Fedhas.
  3451 | D:3      | Found a transporter.
  3453 | D:3      | Found a transporter.
  3463 | D:3      | Killed pjoxt's ghost
  3463 | D:3      | Gained mutation: When hurt, damage is shared between your
                  | health and your magic reserves. [demonic ancestry]
  3463 | D:3      | Reached XP level 6. HP: 43/44 MP: 9/9
  3463 | D:3      | Reached *** piety under Uskayaw
  3625 | D:3      | Reached skill level 1 in Armour
  3642 | D:3      | Noticed Ijyb
  3681 | D:3      | Killed Ijyb
  4344 | D:3      | Noticed Terence
  4373 | D:3      | Killed Terence
  4716 | D:4      | Reached XP level 7. HP: 30/52 MP: 10/10
  4740 | D:4      | Reached **** piety under Uskayaw
  4808 | D:4      | Found a sand-covered staircase.
  4808 | D:4      | Noticed Pikel
  4816 | Ossuary  | Entered an ossuary
  5707 | D:4      | Noticed Sigmund
  5716 | D:4      | Killed Sigmund
  5758 | D:4      | Reached skill level 6 in Long Blades
  5838 | D:4      | Noticed Menkaure
  5856 | D:4      | Killed Pikel
  5856 | D:4      | Reached XP level 8. HP: 28/58 MP: 11/11
  6176 | D:4      | Found a runed translucent door.
  6177 | D:4      | Noticed Crazy Yiuf
  6182 | D:4      | Killed Crazy Yiuf
  6265 | D:4      | Found an iron altar of Okawaru.
  6265 | D:4      | Found an opulent altar of Gozag.
  6322 | D:4      | Noticed Edmund
  6333 | D:4      | Killed Edmund
  6333 | D:4      | Reached skill level 5 in Armour
  6391 | D:4      | Reached skill level 5 in Dodging
  6679 | D:4      | Killed Menkaure
  6948 | D:5      | Entered Level 5 of the Dungeon
  7322 | D:5      | Found a glowing golden altar of the Shining One.
  7384 | D:5      | Reached skill level 1 in Evocations
  7389 | D:5      | Noticed a troll
  7404 | D:5      | Killed a troll
  7404 | D:5      | Gained mutation: You regenerate magic rapidly. [demonic
                  | ancestry]
  7404 | D:5      | Reached XP level 9. HP: 33/63 MP: 10/12
  7832 | D:5      | Found Iwnezou's Armour Shoppe.
  8211 | D:6      | Reached skill level 5 in Evocations
  8541 | D:6      | Found a basalt altar of Yredelemnul.
  9187 | D:6      | HP: 3/63 [orc warrior/+0 flail (7)]
 10027 | D:7      | Found Nebiwnam's Antique Armour Boutique.
 10061 | D:7      | Noticed a red ugly thing
 10081 | D:7      | Killed a red ugly thing
 10081 | D:7      | Gained mutation: You are mostly covered in slimy green
                  | scales. (AC +3) [demonic ancestry]
 10081 | D:7      | Reached XP level 10. HP: 33/70 MP: 12/16
 10345 | D:7      | Found a staircase to the Ecumenical Temple.
 10364 | Temple   | Entered the Ecumenical Temple
 10939 | D:7      | Found a white marble altar of Elyvilon.
 10987 | D:7      | Reached skill level 7 in Long Blades
 11605 | D:8      | Reached skill level 8 in Long Blades
 11960 | D:8      | Learned a level 2 spell: Song of Slaying
 11968 | D:8      | Found an ornate altar of the Wu Jian Council.
 12003 | D:8      | Found a shattered altar of Ashenzari.
 12023 | D:8      | Noticed a two-headed ogre
 12036 | D:8      | Killed a two-headed ogre
 12103 | D:8      | Found a staircase to the Lair.
 12171 | D:8      | Reached skill level 9 in Long Blades
 12409 | D:9      | Noticed Erica
 12830 | D:9      | Found a radiant altar of Vehumet.
 12999 | D:9      | Reached XP level 11. HP: 70/75 MP: 17/17
 13013 | D:9      | Reached ***** piety under Uskayaw
 13114 | D:9      | Killed Erica
 13253 | D:9      | Noticed a two-headed ogre
 13276 | D:9      | Killed a two-headed ogre
 13296 | D:9      | Reached ****** piety under Uskayaw
 14040 | D:9      | Found a staircase to the Orcish Mines.
 14287 | D:9      | Paralysed by a hornet for 3 turns
 14831 | D:9      | Found a glowing silver altar of Zin.
 14948 | Lair:1   | Entered Level 1 of the Lair of Beasts
 15023 | Lair:1   | Found a frozen archway.
 15103 | IceCv    | Entered an ice cave
 15103 | IceCv    | Noticed a white ugly thing
 15109 | IceCv    | Killed a white ugly thing
 15133 | IceCv    | Found a transporter.
 15307 | IceCv    | Noticed a white ugly thing
 15312 | IceCv    | Found a transporter.
 15321 | IceCv    | Killed a white ugly thing
 16006 | Lair:1   | Found a runed translucent door.
 16008 | Lair:1   | Noticed Aston's ghost (journeyman DrCj)
 16327 | Lair:1   | Killed Aston's ghost
 16447 | Lair:1   | Reached skill level 10 in Armour
 16447 | Lair:1   | Reached XP level 12. HP: 66/83 MP: 18/18
 16766 | Lair:1   | Noticed Nergalle
 16788 | Lair:1   | Killed Nergalle
 17376 | Lair:1   | Reached skill level 5 in Fighting
 18221 | Lair:2   | Identified the Reference Book on Weightlessness
 18448 | Lair:2   | Reached skill level 5 in Spellcasting
 20194 | Lair:3   | Reached skill level 10 in Long Blades
 20538 | Lair:3   | Got a translucent leather armour
 20562 | Lair:3   | Identified the +5 leather armour of the Sun {rN+ Int+4
                  | Dex-3} (You found it on level 3 of the Lair of Beasts)
 21370 | Lair:4   | Noticed a five-headed hydra
 21376 | Lair:4   | Killed a two-headed hydra
 21376 | Lair:4   | Reached skill level 11 in Long Blades
 21376 | Lair:4   | Reached XP level 13. HP: 66/93 MP: 10/22
 21601 | Lair:4   | Found a staircase to the Shoals.
 21855 | Lair:4   | Found a hole to the Spider Nest.
 22966 | Lair:5   | Reached skill level 12 in Long Blades
 23093 | Lair:5   | Found an ornate altar of the Wu Jian Council.
 23927 | Lair:6   | Entered Level 6 of the Lair of Beasts
 24611 | Lair:6   | Reached skill level 10 in Dodging
 25576 | Lair:6   | Found a staircase to the Slime Pits.
 26669 | Lair:6   | HP: 3/139 [death yak (8)]
 26670 | Lair:6   | HP: 1/139 [death yak (2)]
 26670 | Lair:6   | Slain by a death yak

Skill      XL: |  1  2  3  4  5  6  7  8  9 10 11 12 13 |
---------------+----------------------------------------+-----
Long Blades    | 2 3 4 5 6 9 11 12 | 12.0
Armour         | 2 4 6 10 11 | 11.5
Dodging        | 2 4 6 8 9 10 | 10.7
Fighting       | 3 4 6 |  6.0
Evocations     | 2 8 9 |  9.0
Charms         | 3 |  3.0
Spellcasting   | 6 |  6.0

Action                   |  1- 3 |  4- 6 |  7- 9 | 10-12 | 13-15 || total
-------------------------+-------+-------+-------+-------+-------++-------
Melee: Falchion          |   104 |   208 |       |       |       ||   312
       Long sword        |       |    27 |   535 |    25 |       ||   587
       Unarmed           |       |       |     2 |       |       ||     2
       Scimitar          |       |       |       |  1009 |   493 ||  1502
 Cast: Infusion          |    16 |    26 |    59 |    88 |    42 ||   231
 Abil: Evoke Berserk Rag |       |       |     4 |    17 |     4 ||    25
Evoke: Wand              |       |     3 |    20 |    18 |     8 ||    49
       Sack of spiders   |       |       |       |       |     3 ||     3
  Use: Potion            |       |     3 |       |     3 |     1 ||     7
       Scroll            |       |       |     9 |    11 |     2 ||    22
 Stab: Sleeping          |     7 |     6 |     7 |     6 |     4 ||    30
       Paralysed         |       |     1 |    17 |    33 |    17 ||    68
       Distracted        |       |       |     1 |       |       ||     1
       Confused          |       |       |     1 |       |       ||     1
  Eat: Chunk             |     3 |    10 |    19 |    36 |     9 ||    77
       Ration            |       |       |     1 |     6 |     3 ||    10
Armor: Leather armour    |    33 |    59 |   157 |    28 |   152 ||   429
       Skin              |       |     2 |       |       |       ||     2
       Ring mail         |       |       |    28 |   454 |       ||   482
Dodge: Dodged            |    62 |   134 |   417 |   853 |   300 ||  1766
       Rpst.: Falchion   |    19 |    28 |       |       |       ||    47
       Long sword        |       |     6 |   117 |     3 |       ||   126
       Scimitar          |       |       |       |   235 |    64 ||   299
